 Dungeon Crawl Stone Soup version 0.31-a0-204-g7da18cac08 (webtiles) character file.

Game seed: 13269312857325329135

61 lunkers the Slasher (level 4, 0/35 HPs)
             Began as a Meteoran Wanderer on June 28, 2023.
             Slain by a rat (3 damage)
             ... on level 2 of the Dungeon.
             The game lasted 00:01:51 (749 turns).

lunkers the Slasher (Meteoran Wanderer)              Turns: 749, Time: 00:01:51

Health: 0/35       AC:  2    Str: 15    XL:     4   Next: 51%
Magic:  9/9        EV: 11    Int: 15    God:
Gold:   16         SH:  0    Dex: 12    Spells: 8/8 levels left

rFire   . . .        a - +2 falchion
rCold   . . .        (no shield)
rNeg    . . .        e - +0 robe
rPois   .            (no helmet)
rElec   .            (no cloak)
rCorr   .            (no gloves)
SInv    .            (no boots)
Will    .....        (no amulet)
Stlth   +            (no ring)
HPRegen 0.25/turn    (no ring)
MPRegen 0.11/turn

%: no passive effects
@: lethally poisoned (0 -> -5), glowing
A: sense surroundings 1, otherworldly, glowing, explore regen
a: no special abilities


You were on level 2 of the Dungeon.
You visited 1 branch of the dungeon, and saw 2 of its levels.

You collected 16 gold pieces.

Inventory:

Hand Weapons
 a - a +2 falchion (weapon)
 c - a +0 dagger
Missiles
 b - 11 poisoned darts
Armour
 e - a +0 robe (worn)
Scrolls
 d - 2 scrolls of teleportation
 f - a scroll of revelation {unknown}
 g - a scroll of blinking {unknown}
 i - 2 scrolls of torment {unknown}
Potions
 h - a potion of attraction {unknown}


   Skills:
 - Level 1.1 Fighting
 + Level 5.1 Long Blades
 - Level 1.2 Throwing
 - Level 1.2 Dodging
 - Level 2.6 Spellcasting
 - Level 2.4 Air Magic
 - Level 1.2 Invocations


You had 8 spell levels left.
You didn't know any spells.
Your spell library contained the following spells:

 Spells                   Type           Power      Damage    Failure   Level
 Poisonous Vapours        Pois/Air       10%        N/A       19%         2
 Cigotuvi's Dreadful Rot  Necr/Pois/Air  8%         N/A       22%         2


Dungeon Overview and Level Annotations

Branches:
Dungeon (2/15) Zot: 442

Altars:

Annotations:
D:2 1 runed translucent door, Crazy Yiuf


Innate Abilities, Weirdness & Mutations

You passively map a small area around you.
You are easily found by Zot.
You glow in the dark.
You regain HP and MP as you explore.


Message History

You are more poisoned.
The adder poisons you!
You hit the adder.
The adder is heavily wounded.
You feel very sick. The rat bites you. The adder closely misses you.
You closely miss the adder.
The adder is heavily wounded.
You feel sick. The rat bites you.
* * * LOW HITPOINT WARNING * * *
The adder bites you but does no damage. The rat bites you but does no damage.
You barely miss the adder.
The adder is heavily wounded.
You feel sick. The adder bites you.
* * * LOW HITPOINT WARNING * * *
The rat bites you.
* * * LOW HITPOINT WARNING * * *
The adder bites you but does no damage.
You hit the adder.
The adder is severely wounded.
You feel sick. The adder bites you but does no damage.
The rat bites you but does no damage.
Unknown command.
You barely miss the adder.
The adder is severely wounded.
You feel sick. The adder misses you. The rat bites you.
* * * LOW HITPOINT WARNING * * *
Unknown command.
You barely miss the adder.
The adder is severely wounded.
You feel sick. The adder misses you. The rat bites you but does no damage.
The adder bites you.
* * * LOW HITPOINT WARNING * * *
You are lethally poisoned!
The adder poisons you!
You barely miss the adder.
The adder is severely wounded.
* * * LOW HITPOINT WARNING * * *
You feel sick. The adder barely misses you. The rat bites you.
You die...

* , #.###♣♣ * #...#.♣♣
* * #......♣♣ * ,
#.......♣ * ,,
#...#..♣. , * *
####..##♣♣♣♣ * *
######*###.....#
##.'..#..[####.## * ,
##..##@†.# ##.# ,,
##.#..#rS## * #.# * ,
#.#..###..., ####.##
#.#.....#..##*#.....##
* , #.#..#).###.#
#.##...#
#.#..#.##..#..
#.###..# *
.#..#.##..###.#
#......# ## ,#..#.#
###..#.. ######.###.
..#.# #..###
#.........


You could see an adder and a rat.

Vanquished Creatures
  Natasha (D:2)
  A worm (D:2)
  2 dart slugs (D:1)
  2 endoplasms
  A giant cockroach (D:2)
  3 goblins
  4 hobgoblins
  2 quokkas (D:2)
  5 bats
  A frilled lizard (D:2)
  4 kobolds
  2 rats (D:2)
28 creatures vanquished.

Notes
Turn   | Place    | Note
-------+----------+-------------------------------------------
     0 | D:1      | lunkers the Meteoran Wanderer began the quest for the Orb.
     0 | D:1      | lunkers set off with the following items: a +2 falchion, 11
                  | poisoned darts, a +0 dagger, a scroll of teleportation, a
                  | +0 robe; and the following spells available to memorise:
                  | Poisonous Vapours, Cigotuvi's Dreadful Rot.
     0 | D:1      | Reached XP level 1. HP: 16/16 MP: 5/5
    77 | D:1      | Reached skill level 3 in Long Blades
    77 | D:1      | Reached XP level 2. HP: 6/23 MP: 6/6
   295 | D:1      | Reached XP level 3. HP: 25/28 MP: 8/8
   500 | D:2      | Reached skill level 4 in Long Blades
   531 | D:2      | Found a runed translucent door.
   532 | D:2      | Noticed Crazy Yiuf
   629 | D:2      | Noticed Natasha
   633 | D:2      | Killed Natasha
   634 | D:2      | Reached skill level 5 in Long Blades
   634 | D:2      | Reached XP level 4. HP: 25/35 MP: 9/9
   749 | D:2      | Slain by a rat

Illustrated notes

Levels and vault maps discovered:
D:1:      sevenhm_arrival_forest_fort_small_3, layout_loops_ring,
          kennysheep_pointless_box
D:2:      minmay_razor_zed, layout_loops_corners, uniq_natasha,
          uniq_crazy_yiuf_cottage

Skill      XL: |  1  2  3 |
---------------+----------+-----
Long Blades    | 3 5 |  5.1
Fighting       | |  1.1
Throwing       | |  1.2
Dodging        | |  1.2
Spellcasting   | |  2.6
Air Magic      | |  2.4
Invocations    | |  1.2

Action                     |  1- 3 |  4- 6 || total
---------------------------+-------+-------++-------
  Melee: Falchion          |    62 |    25 ||    87
         Punch             |     2 |     1 ||     3
 Armour: Robe              |     8 |     9 ||    17
  Dodge: Dodged            |    23 |    11 ||    34

Table legend: (Time is in decaauts)
 A = Elapsed time spent in this place.
 B = Non-inter-level travel time spent in this place.
 C = Inter-level travel time spent in this place.
 D = Time resting spent in this place.
 E = Time spent auto-exploring this place.
 F = Levels seen in this place.
 G = Mean time per level.
                   A        B        C        D        E       F      G
               +--------+--------+--------+--------+--------+-----+--------+
         Total |    756 |    756 |      0 |      0 |    537 |   2 |  378.0 |
       Dungeon |    756 |    756 |      0 |      0 |    537 |   2 |  378.0 |
               +--------+--------+--------+--------+--------+-----+--------+

Top non-repeatable levels by time:
     D:1: 420 daAuts
     D:2: 335 daAuts
